 Dungeon Crawl Stone Soup version 0.19.5 (webtiles) character file.

22704 Reinor the Thaumaturge (level 12, 0/58 HPs)
             Began as a Spriggan Earth Elementalist on May 8, 2017.
             Was an Elder of Vehumet.
             Killed by divine providence
             ... invoked by a meliai
              (14 damage)
             ... on level 13 of the Dungeon.
             The game lasted 01:07:04 (16170 turns).

Reinor the Thaumaturge (SpEE)                      Turns: 16170, Time: 01:07:04

Health: 0/58       AC:  3    Str:  4    XL:     12   Next: 65%
Magic:  6/31       EV: 28    Int: 21    God:    Vehumet [****..]
Gold:   263        SH:  0    Dex: 17    Spells: 6 memorised, 21 levels left

rFire  . . .     SeeInvis +     j - +1 dagger
rCold  . . .     Gourm    .     c - +0 robe
rNeg   + . .     Faith    .     (shield restricted)
rPois  +         Spirit   .     (helmet restricted)
rElec  .         Reflect  .     L - +0 cloak {rPois}
rCorr  .         Harm     .     (gloves unavailable)
MR     ++...                    (boots unavailable)
Stlth  ++........               D - amulet of magic regeneration
                                h - ring of flight
                                t - ring of positive energy

@: very quick
A: unfitting armour, see invisible, herbivore 3, speed 3, slow metabolism 2
a: Renounce Religion, Evoke Flight


You were on level 13 of the Dungeon.
You worshipped Vehumet.
Vehumet was greatly pleased with you.
You were very hungry.

You visited 2 branches of the dungeon, and saw 14 of its levels.

You collected 625 gold pieces.
You spent 362 gold pieces at shops.

Inventory:

Hand Weapons
 j - a +1 dagger (weapon)
Missiles
 b - 86 stones (quivered)
Armour
 c - a +0 robe (worn)
 L - a +0 cloak of poison resistance (worn)
Jewellery
 h - a ring of flight (right hand)
 t - a ring of positive energy (left hand)
 D - an amulet of magic regeneration (around neck)
Wands
 e - a wand of slowing (8/48)
 g - a wand of lightning (1/15)
 i - a wand of digging (8/24)
 s - a wand of acid (11/15)
 w - a wand of digging (1/24)
 y - a wand of digging (2/24)
 J - a wand of flame (23/48)
Scrolls
 l - 4 scrolls of teleportation
 n - 7 scrolls of remove curse
 p - a scroll of blinking {unknown}
 u - 6 scrolls of enchant armour
 v - 4 scrolls of identify
 x - 2 scrolls of magic mapping
 z - 4 scrolls of recharging
 A - a scroll of immolation {unknown}
 B - 2 scrolls of amnesia
 H - a scroll of holy word {unknown}
 K - a scroll of fog
Potions
 a - 3 potions of curing
 k - 6 potions of might
 o - 3 potions of flight
 C - a potion of resistance
 E - a potion of lignification
 I - a potion of berserk rage
 M - a potion of beneficial mutation
Books
 f - a book of Maledictions

   Spells                             Type                      Level
   a - Corona                         Hexes                        1
   b - Ensorcelled Hibernation        Hexes/Ice                    2
   c - Confuse                        Hexes                        3
   d - Tukima's Dance                 Hexes                        3
   e - Dazzling Spray                 Conjuration/Hexes            3
 q - a book of Misfortune

   Spells                             Type                      Level
   a - Confusing Touch                Hexes                        1
   b - Confuse                        Hexes                        3
   c - Gell's Gravitas                Hexes/Translocation          3
   d - Petrify                        Transmutation/Earth          4
   e - Metabolic Englaciation         Hexes/Ice                    5
   f - Yara's Violent Unravelling     Hexes/Transmutation          5
 r - Okatwox's Volume of Igneous Weightlessness
   (You found it on level 8 of the Dungeon)

   Spells                             Type                      Level
   a - Shock                          Conjuration/Air              1
   b - Mephitic Cloud                 Conjuration/Poison/Air       3
   c - Conjure Flame                  Conjuration/Fire             3
   d - Conjure Ball Lightning         Conjuration/Air              6
   e - Delayed Fireball               Conjuration/Fire             7
Comestibles
 d - 7 bread rations
 m - 5 fruits
 G - 11 royal jellies


   Skills:
 - Level 4.0 Fighting
 - Level 12.0 Dodging
 - Level 3.0 Stealth
 + Level 14.3 Spellcasting
 - Level 4.0 Conjurations
 - Level 8.0 Transmutations
 + Level 11.5 Earth Magic


You had 21 spell levels left.
You knew the following spells:

 Your Spells              Type           Power        Failure   Level  Hunger
a - Sandblast             Erth           ######       1%          1    None
b - Passwall              Tmut/Erth      ######....   1%          2    None
c - Stone Arrow           Conj/Erth      #####.       1%          3    None
d - Petrify               Tmut/Erth      ######..     1%          4    None
e - Lee's Rapid Deconstr  Erth           ######....   1%          5    ###....
f - Conjure Flame         Conj/Fire      ###.....     1%          3    None


Dungeon Overview and Level Annotations

Branches:
Dungeon (13/15)            Temple (1/1) D:6            Lair (0/6) D:10
    Orc (0/2) D:12         Vaults (0/5) D:13

Altars:
Ashenzari
Cheibriados
Elyvilon
Fedhas
Gozag
Hepliaklqana
Kikubaaqudgha
Makhleb
Nemelex Xobeh
Okawaru
Qazlal
Sif Muna
Trog
Uskayaw
Vehumet
Xom
Yredelemnul
Zin
The Shining One

Shops:
D:12 ?


Innate Abilities, Weirdness & Mutations

You are very small and have problems with some larger weapons.
You are too small for most types of armour.
You have supernaturally acute eyesight. (SInv)
You are a herbivore.
You cover ground extremely quickly.
You need consume almost no food.


Message History

The stone arrow hits the vault guard.
The vault guard is severely wounded.
Casting: Stone Arrow
Confirm with . or Enter, or press ? or * to list all spells.
Aiming: Stone Arrow
Press: ? - help, Shift-Dir - straight line, f/p - vault guard
Aim: a vault guard, wielding a great mace and wearing a chain mail (severely wounded)
The stone arrow hits the vault guard.
The vault guard is almost dead.
Casting: Stone Arrow
Confirm with . or Enter, or press ? or * to list all spells.
Aiming: Stone Arrow
Press: ? - help, Shift-Dir - straight line, f/p - vault guard
Aim: a vault guard, wielding a great mace and wearing a chain mail (almost dead)
The stone arrow hits the vault guard.
You kill the vault guard!
Vehumet accepts your kill.
The meliai mumbles some strange prayers to its god against you.
Something smites you!
You die... # J.p .)# #Z#.. ..# # Oap

..# +. ##'## #.# ..#
##...## ##.# +..#
##.....####..#
#...##.......##...#
#...............[.#####
#......#.###.#.@..).y#
#.#...##.###...#####y#
♣.........####.# #[#
.P♣♣♣♣.##.......# #.#
♣..#.....### #.#
♣♣#O#.###.# #.#
♣......##.# #p#
♣.##.p.##.# #y#
♣♣.##.y.##.#######.#


You could see 2 meliai.

Vanquished Creatures
  Frances (D:12)
  Snorg (D:12)
  3 vault guards (D:13)
  The ghost of Reinor the Thaumaturge, a journeyman SpEE of Vehumet (D:11)
  An unseen horror (D:12)
  4 hill giants
  3 ugly things (D:11)
  2 cyclopes
  A manticore (D:11)
  Maurice (D:10)
  A centaur zombie (D:13)
  3 centaur skeletons
  A redback zombie (D:10)
  A komodo dragon (D:12)
  A meliai (D:13)
  A troll (D:11)
  2 two-headed ogres
  Prince Ribbit (D:5)
  A hippogriff (D:12)
  4 slime creatures (D:10)
  Sigmund (D:6)
  A shadow (D:10)
  A wraith (D:11)
  13 yaks
  Eustachio (D:4)
  The ghost of Sneal the Poker, an amateur OpFi (D:3)
  A warg (D:12)
  Edmund (D:4)
  A water moccasin (D:9)
  Duvessa (D:5)
  5 sky beasts
  8 orc warriors
  An ice beast (D:5)
  An eye of draining (D:9)
  A necrophage (D:7)
  5 centaurs
  9 ogres
  2 big kobolds
  6 bullfrogs
  Blork the orc (D:5)
  Dowan (D:5)
  A wyvern zombie (D:11)
  3 scorpions
  A water moccasin skeleton (D:9)
  4 killer bees
  6 howler monkeys
  11 wights
  3 crimson imps
  8 hounds
  2 quasits (D:5)
  A bullfrog zombie (D:6)
  8 jellies
  7 orc priests
  16 orc wizards
  A bullfrog skeleton (D:9)
  11 worker ants
  2 iguanas
  A hound zombie (D:7)
  A gnoll (D:2)
  4 river rats (D:10)
  14 adders
  5 shadow imps
  5 oozes (D:10)
  An adder skeleton (D:4)
  4 dart slugs
  5 leopard geckos
  41 orcs
  7 ball pythons
  14 bats
  6 giant cockroaches
  9 goblins
  2 hobgoblins
  16 jackals
  16 kobolds
  2 quokkas
  5 frilled lizards
  2 leopard gecko skeletons
  A leopard gecko zombie (D:8)
  11 rats
353 creatures vanquished.

Notes
Turn   | Place    | Note
-------+----------+-------------------------------------------
     0 | D:1      | Reinor the Spriggan Earth Elementalist began the quest for the Orb.
     0 | D:1      | Reached XP level 1. HP: 9/9 MP: 5/5
   129 | D:1      | Reached XP level 2. HP: 13/13 MP: 2/6
   213 | D:1      | Reached skill level 3 in Spellcasting
  1057 | D:1      | Reached XP level 3. HP: 16/16 MP: 4/8
  1473 | D:2      | Found a blossoming altar of Fedhas.
  1754 | D:2      | Reached XP level 4. HP: 11/21 MP: 5/10
  1904 | D:2      | Found a snail-covered altar of Cheibriados.
  2085 | D:2      | Learned a level 2 spell: Passwall
  2089 | D:2      | Learned a level 3 spell: Stone Arrow
  2094 | D:2      | Learned a level 4 spell: Petrify
  2272 | D:3      | Reached skill level 4 in Spellcasting
  2805 | D:3      | Noticed Sneal's ghost (amateur OpFi)
  2832 | D:3      | Killed Sneal's ghost
  2832 | D:3      | Reached skill level 5 in Dodging
  2832 | D:3      | Reached XP level 5. HP: 24/24 MP: 8/13
  2887 | D:3      | Found an ancient bone altar of Kikubaaqudgha.
  3196 | D:3      | Reached skill level 5 in Spellcasting
  3196 | D:3      | Reached XP level 6. HP: 20/28 MP: 11/14
  3203 | D:3      | Learned a level 5 spell: Lee's Rapid Deconstruction
  3241 | D:4      | Noticed Edmund
  3296 | D:4      | Killed Edmund
  3436 | D:4      | Noticed Eustachio
  3458 | D:4      | Killed Eustachio
  3458 | D:4      | Reached skill level 6 in Spellcasting
  3458 | D:4      | Reached XP level 7. HP: 20/32 MP: 2/17
  3628 | D:4      | Reached skill level 5 in Earth Magic
  3781 | D:4      | Found a hide-covered altar of Uskayaw.
  3896 | D:4      | Found a burning altar of Makhleb.
  4516 | D:5      | Entered Level 5 of the Dungeon
  4576 | D:5      | Noticed Prince Ribbit
  4581 | D:5      | Killed Prince Ribbit
  4581 | D:5      | Reached XP level 8. HP: 30/36 MP: 14/19
  4630 | D:5      | Reached skill level 7 in Spellcasting
  4735 | D:5      | Reached skill level 1 in Conjurations
  4784 | D:5      | Noticed Duvessa
  4784 | D:5      | Noticed Dowan
  4804 | D:5      | Killed Duvessa
  5110 | D:5      | Noticed Blork the orc
  5125 | D:5      | Killed Blork the orc
  5619 | D:5      | Killed Dowan
  5811 | D:6      | Reached skill level 8 in Spellcasting
  5869 | D:6      | Reached skill level 1 in Fighting
  6076 | D:6      | Reached XP level 9. HP: 41/41 MP: 16/22
  6297 | D:6      | Found a staircase to the Ecumenical Temple.
  6457 | Temple   | Entered the Ecumenical Temple
  6464 | Temple   | Became a worshipper of Vehumet
  6668 | D:6      | Noticed Sigmund
  6686 | D:6      | Killed Sigmund
  7143 | D:7      | Identified a +0 rod of shadows (10/10) (You found it on level 7 of the Dungeon)
  7364 | D:7      | Reached skill level 9 in Spellcasting
  7497 | D:7      | Noticed an angel
  7499 | D:7      | Found a glowing silver altar of Zin.
  7587 | D:8      | Identified Okatwox's Volume of Igneous Weightlessness
  8082 | D:8      | Reached * piety under Vehumet
  8082 | D:8      | Offered knowledge of Flame Tongue by Vehumet.
  8087 | D:8      | Learned a level 3 spell: Conjure Flame
  8645 | D:9      | Found a hazy altar of Hepliaklqana.
  8927 | D:9      | Reached XP level 10. HP: 49/49 MP: 13/24
  8933 | D:9      | Reached skill level 10 in Spellcasting
  9464 | D:9      | Reached ** piety under Vehumet
  9466 | D:9      | Offered knowledge of Magic Dart by Vehumet.
  9757 | D:9      | Found a white marble altar of Elyvilon.
 10231 | D:9      | Reached skill level 10 in Dodging
 10231 | D:9      | Reached skill level 11 in Spellcasting
 10434 | D:9      | Found a bloodstained altar of Trog.
 10435 | D:9      | Found an iron altar of Okawaru.
 10514 | D:10     | Entered Level 10 of the Dungeon
 10704 | D:10     | Reached skill level 5 in Transmutations
 10865 | D:10     | Offered knowledge of Static Discharge by Vehumet.
 11249 | D:10     | Reached XP level 11. HP: 53/53 MP: 14/27
 11328 | D:10     | Found a staircase to the Lair.
 11331 | D:10     | Reached *** piety under Vehumet
 11366 | D:10     | Noticed Maurice
 11375 | D:10     | Killed Maurice
 11538 | D:10     | Offered knowledge of Iskenderun's Mystic Blast by Vehumet.
 12226 | D:11     | Found a shimmering altar of Xom.
 12226 | D:11     | Noticed a brown ugly thing
 12239 | D:11     | Killed a brown ugly thing
 12239 | D:11     | Reached skill level 12 in Spellcasting
 12389 | D:11     | Noticed a green ugly thing
 12426 | D:11     | Killed a green ugly thing
 12485 | D:11     | Noticed a hill giant
 12497 | D:11     | Killed a hill giant
 12639 | D:11     | Noticed a cyan ugly thing
 12664 | D:11     | Killed a cyan ugly thing
 12664 | D:11     | Reached skill level 10 in Earth Magic
 12788 | D:11     | Reached **** piety under Vehumet
 12789 | D:11     | Noticed Reinor's ghost (journeyman SpEE)
 13441 | D:11     | Noticed a hill giant
 13653 | D:11     | Killed Reinor's ghost
 13865 | D:11     | Killed a hill giant
 14292 | D:12     | Noticed an unseen horror
 14309 | D:12     | Killed an unseen horror
 14309 | D:12     | Reached skill level 13 in Spellcasting
 14665 | D:12     | Reached XP level 12. HP: 58/58 MP: 20/30
 14683 | D:12     | Offered knowledge of Fireball by Vehumet.
 14689 | D:12     | Found a snail-covered altar of Cheibriados.
 14735 | D:12     | Found a staircase to the Orcish Mines.
 14979 | D:12     | Noticed Frances
 14989 | D:12     | Killed Frances
 15276 | D:12     | Noticed Snorg
 15405 | D:12     | Killed Snorg
 15528 | D:12     | Found Onisch's Magic Scroll Shop.
 15531 | D:12     | Bought a scroll of amnesia for 45 gold pieces
 15531 | D:12     | Bought a scroll of magic mapping for 45 gold pieces
 15531 | D:12     | Bought a scroll of enchant armour for 97 gold pieces
 15531 | D:12     | Bought a scroll of recharging for 123 gold pieces
 15531 | D:12     | Bought a scroll of identify for 26 gold pieces
 15531 | D:12     | Bought a scroll of identify for 26 gold pieces
 15903 | D:13     | Found a gate to the Vaults.
 15903 | D:13     | Noticed a vault guard
 15903 | D:13     | Noticed a vault guard
 15903 | D:13     | Noticed a vault guard
 15943 | D:13     | Killed a vault guard
 16043 | D:13     | Killed a vault guard
 16043 | D:13     | Reached skill level 14 in Spellcasting
 16126 | D:13     | Noticed a vault guard
 16170 | D:13     | Killed a vault guard
 16170 | D:13     | Killed from afar by a meliai

Skill      XL: |  1  2  3  4  5  6  7  8  9 10 11 12 |
---------------+-------------------------------------+-----
Earth Magic    | 3 4 5 6 7 9 10 11 | 11.5
Spellcasting   | 3 4 5 6 8 9 11 13 14 | 14.3
Dodging        | 4 5 7 8 10 12 | 12.0
Transmutations | 4 5 8 |  8.0
Conjurations   | 2 3 4 |  4.0
Fighting       | 1 3 4 |  4.0
Stealth        | |  3.0

Action                   |  1- 3 |  4- 6 |  7- 9 | 10-12 || total
-------------------------+-------+-------+-------+-------++-------
Melee: Unarmed           |    41 |       |       |       ||    41
       Dagger            |     6 |    42 |    53 |    93 ||   194
 Cast: Sandblast         |    81 |    82 |   300 |    99 ||   562
       Stone Arrow       |       |     1 |     4 |   370 ||   375
       Passwall          |       |       |     2 |       ||     2
       Conjure Flame     |       |       |     4 |    15 ||    19
       Petrify           |       |       |       |     1 ||     1
Evoke: Wand              |       |       |       |    10 ||    10
  Use: Scroll            |       |     8 |     2 |     6 ||    16
       Potion            |       |       |       |     3 ||     3
 Stab: Sleeping          |       |     5 |     5 |     2 ||    12
       Distracted        |       |       |     1 |       ||     1
  Eat: Pizza             |       |       |     1 |       ||     1
       Royal jelly       |       |       |     1 |       ||     1
       Fruit             |       |       |       |     6 ||     6
Armor: Robe              |     4 |     4 |    15 |    13 ||    36
Dodge: Dodged            |   107 |    82 |   229 |   272 ||   690
